 Dungeon Crawl Stone Soup version 0.27-a0-1136-g0b992a5a9d (webtiles) character file.

Game seed: 17592148174520148421

14845 flotson the Covert (level 12, -3/97 HPs)
             Began as a Gnoll Delver on Apr 30, 2021.
             Was a Believer of Fedhas.
             Slain by a vampire
             ... wielding a +0 long sword
              (14 damage)
             ... on level 11 of the Dungeon on May 5, 2021.
             The game lasted 00:36:23 (16084 turns).

flotson the Covert (Gnoll Delver)                  Turns: 16084, Time: 00:36:23

Health: -3/97      AC: 15    Str: 17    XL:     12   Next: 20%
Magic:  22/22      EV: 19    Int:  9    God:    Fedhas [**....]
Gold:   723        SH:  0    Dex: 14    Spells: 25/25 levels left

rFire    . . .     SeeInvis .   a - +4 quarterstaff (chaos)
rCold    . . .     Faith    .   (shield currently unavailable)
rNeg     . . .     Spirit   .   m - +0 troll leather armour
rPois    .         Reflect  .   (no helmet)
rElec    .         Harm     .   B - +0 cloak
rCorr    .         Rampage  .   H - +0 pair of gloves
Will     .....                  K - +2 pair of boots
Stlth    +++++.....             (no amulet)
HPRegen  1.26/turn              E - +4 ring of evasion
MPRegen  0.18/turn              s - +4 ring of protection

@: no status effects
A: fangs 1, strong nose, distributed training
a: Renounce Religion, Wall of Briars


You were on level 11 of the Dungeon.
You worshipped Fedhas.
Fedhas was pleased with you.
You visited 1 branch of the dungeon, and saw 11 of its levels.

You collected 723 gold pieces.

Inventory:

Hand Weapons
 a - a +4 quarterstaff of chaos (weapon)
 b - a +0 hunting sling
 S - a +0 scimitar of flaming
Missiles
 i - 26 poisoned darts (quivered)
 j - a curare-tipped dart
 y - 52 sling bullets
 L - 16 boomerangs
 U - 2 throwing nets
 W - 5 javelins
Armour
 m - a +0 troll leather armour (worn)
 B - a +0 cloak (worn)
 H - a +0 pair of gloves (worn)
 K - a +2 pair of boots (worn)
 O - a scarf of invisibility
Jewellery
 l - a ring of protection from fire
 s - a +4 ring of protection (right hand)
 v - a ring of fire
 E - a +4 ring of evasion (left hand)
 P - a ring of see invisible
Wands
 g - a wand of digging (3)
 x - a wand of iceblast (6)
 J - a wand of charming (6)
 T - a wand of paralysis (1)
 Z - a wand of polymorph (5)
Scrolls
 c - a scroll of fog
 d - 6 scrolls of magic mapping
 e - a scroll of acquirement {unknown}
 h - 3 scrolls of immolation
 k - 2 scrolls of teleportation
 o - 2 scrolls of enchant weapon
 z - 6 scrolls of vulnerability
 C - a scroll of blinking
 G - 3 scrolls of noise {unknown}
 N - a scroll of silence {unknown}
 V - 2 scrolls of torment {unknown}
 X - 3 scrolls of enchant armour {unknown}
 Y - 2 scrolls of brand weapon {unknown}
Potions
 f - a potion of invisibility {unknown}
 n - 2 potions of might
 p - 2 potions of curing
 q - 7 potions of flight
 r - 2 potions of mutation
 t - a potion of lignification {unknown}
 u - 2 potions of haste
 w - a potion of cancellation
 D - a potion of berserk rage
 F - 2 potions of ambrosia
 Q - 4 potions of heal wounds
 R - 2 potions of attraction


   Skills:
 + Level 9.7 Fighting
 + Level 7.0 Short Blades
 + Level 7.0 Long Blades
 + Level 7.0 Axes
 + Level 7.0 Maces & Flails
 + Level 8.5 Polearms
 + Level 7.0 Staves
 + Level 7.0 Slings
 + Level 7.0 Bows
 + Level 7.0 Crossbows
 + Level 7.0 Throwing
 + Level 7.0 Armour
 + Level 8.5 Dodging
 + Level 11.6 Stealth
 + Level 7.0 Shields
 + Level 7.0 Unarmed Combat
 + Level 7.0 Spellcasting
 + Level 5.8 Conjurations
 + Level 5.8 Hexes
 + Level 5.8 Summonings
 + Level 5.8 Necromancy
 + Level 5.8 Translocations
 + Level 5.8 Transmutations
 + Level 5.8 Fire Magic
 + Level 5.8 Ice Magic
 + Level 5.8 Air Magic
 + Level 5.8 Earth Magic
 + Level 5.8 Poison Magic
 + Level 7.7 Invocations
 + Level 7.0 Evocations


You had 25 spell levels left.
You didn't know any spells.
Your spell library contained the following spells:

 Spells                   Type           Power      Damage    Failure   Level
 Foxfire                  Conj/Fire      52%        2x1d6     2%          1
 Conjure Flame            Conj/Fire      13%        6-21      6%          3
 Inner Flame              Hex/Fire       13%        N/A       6%          3
 Sticky Flame             Conj/Fire      13%        2d4       22%         4
 Fireball                 Conj/Fire      6%         3d5       52%         5


Dungeon Overview and Level Annotations

Branches:
Dungeon (11/15)            Temple (0/1) D:6            Lair (0/6) D:11
    Orc (0/2) D:10

Altars:
Ashenzari
Elyvilon
Fedhas
Gozag
Nemelex Xobeh
Trog
Vehumet
Zin

Shops:
D:9 *

Portals:
Trove: D:11 (give horn of Geryon)


Innate Abilities, Weirdness & Mutations

You have very sharp teeth.
Your uncanny sense of smell can sniff out nearby items.
Your experience applies equally to all skills.


Message History

Your bite misses the vampire.
The vampire is heavily damaged.
You closely miss the vampire.
The vampire is heavily damaged.
The vampire gestures at itself while chanting.
The vampire flickers and vanishes!
Deactivating autopickup; reactivate with Ctrl-A.
No target in view!
No target in view!
No target in view!
No target in view!
No target in view!
No target in view!
No target in view!
No target in view!
No target in view!
You completely miss something. Something hits you but does no damage.
Something bites you!
Something draws strength from your injuries!
You barely miss something. Something hits you. Something bites you.
Something draws strength from your injuries!
You hit something. Something closely misses you. Something bites you!
Something draws strength from your injuries!
You sock something! Lightning courses through something!!
Your bite misses something. Something draws life force from you!
You closely miss something. Something draws life force from you!
You hit something.
Nothing appears to happen.
Your bite misses something. Something draws life force from you!
You barely miss something. Your bite misses something.
You hear a zap.
Your mind is blasted!
You hit something but do no damage. Something draws life force from you.
* * * LOW HITPOINT WARNING * * *
You completely miss something. Something closely misses you.
Something bites you!
* * * LOW HITPOINT WARNING * * *
Something draws strength from your injuries!
You hit something but do no damage. You bite something. Something hits you!
You die...
Fedhas appreciates your contribution to the ecosystem.

....##### #.....# ..#......
..#.#.#.# .).......
#.#.....# .........
..#.#.#.# #.######
#.#.....# #.# #.###'### #?#
#..##...# #.# #.{###.## #.#
####@###.# #.# #........##
#.# #.........# #.#
#.......#.# #.#####
#.......#.# ......#
#.......#.### ......#
#.......#...## ......#
#.......[>...##
......#######.............#


There were no monsters in sight!

Vanquished Creatures
  Harold (D:9)
  A hydra (D:10)
  3 two-headed ogres
  2 manticores (D:11)
  2 cyclopes
  An ugly thing (D:9)
  A kobold demonologist (D:11)
  An efreet (D:8)
  A komodo dragon (D:10)
  A meliai (D:9)
  A troll (D:9)
  Grinder (D:5)
  2 shadows
  Eustachio (D:6)
  12 yaks
  Grum (D:8)
  4 vampire mosquitoes
  Menkaure (D:6)
  2 water moccasins
  2 black bears
  A swamp drake (D:10)
  2 sky beasts (D:7)
  5 orc warriors
  An ice beast (D:6)
  5 ogres
  3 wolves (D:8)
  A phantom (D:5)
  7 centaurs
  3 bullfrogs
  2 gnoll sergeants
  A scorpion (D:4)
  A water moccasin skeleton (D:5)
  5 killer bees
  2 howler monkeys
  3 electric eels (D:6)
  2 bullfrog zombies
  6 centaur zombies
  5 hounds
  3 jellies
  4 orc priests
  4 bullfrog skeletons
  Crazy Yiuf (D:3)
  An iguana (D:5)
  Natasha (thrice) (D:3)
  9 orc wizards
  A killer bee zombie (D:7)
  A hound zombie (D:3)
  2 hound skeletons (D:5)
  A howler monkey zombie (D:11)
  8 gnolls
  17 adders
  A white imp (D:7)
  An adder skeleton (D:4)
  A worm (D:2)
  2 dart slugs
  38 orcs
  3 endoplasms
  2 giant cockroaches (D:1)
  5 goblins
  2 hobgoblins (D:1)
  2 jackals (D:2)
  4 quokkas
  5 ball pythons
  5 bats
  13 kobolds
  A quokka skeleton (D:2)
  4 rats
240 creatures vanquished.

Vanquished Creatures (collateral kills)
  A hornet (D:9)
  A kobold brigand (D:9)
  2 kobolds (D:9)
4 creatures vanquished.

Vanquished Creatures (others)
  2 plants (D:6)
2 creatures vanquished.

Grand Total: 246 creatures vanquished

Notes
Turn   | Place    | Note
-------+----------+-------------------------------------------
     0 | D:5      | Reached skill level 9 in Stealth
     0 | D:5      | flotson the Gnoll Delver began the quest for the Orb.
     0 | D:5      | Reached XP level 1. HP: 23/23 MP: 1/1
   112 | D:5      | Noticed a hound
   392 | D:4      | Noticed a hound
   461 | D:3      | Reached XP level 2. HP: 29/29 MP: 2/2
   751 | D:3      | Reached XP level 3. HP: 17/35 MP: 3/3
  1218 | D:1      | Reached skill level 1 in Invocations
  1407 | D:1      | Found a faded altar of an unknown god.
  1955 | D:2      | Reached skill level 1 in Short Blades
  1955 | D:2      | Reached skill level 1 in Long Blades
  1955 | D:2      | Reached skill level 1 in Axes
  1955 | D:2      | Reached skill level 1 in Maces & Flails
  1955 | D:2      | Reached skill level 1 in Staves
  1955 | D:2      | Reached skill level 1 in Slings
  1955 | D:2      | Reached skill level 1 in Bows
  1955 | D:2      | Reached skill level 1 in Crossbows
  1955 | D:2      | Reached skill level 1 in Throwing
  1955 | D:2      | Reached skill level 1 in Armour
  1955 | D:2      | Reached skill level 1 in Shields
  1955 | D:2      | Reached skill level 1 in Unarmed Combat
  1955 | D:2      | Reached skill level 1 in Spellcasting
  1955 | D:2      | Reached skill level 1 in Evocations
  2205 | D:2      | Reached XP level 4. HP: 41/41 MP: 5/5
  2693 | D:2      | Reached skill level 1 in Conjurations
  2693 | D:2      | Reached skill level 1 in Hexes
  2693 | D:2      | Reached skill level 1 in Summonings
  2693 | D:2      | Reached skill level 1 in Necromancy
  2693 | D:2      | Reached skill level 1 in Translocations
  2693 | D:2      | Reached skill level 1 in Transmutations
  2693 | D:2      | Reached skill level 1 in Fire Magic
  2693 | D:2      | Reached skill level 1 in Ice Magic
  2693 | D:2      | Reached skill level 1 in Air Magic
  2693 | D:2      | Reached skill level 1 in Earth Magic
  2693 | D:2      | Reached skill level 1 in Poison Magic
  2876 | D:2      | Reached XP level 5. HP: 45/47 MP: 6/6
  3244 | D:3      | Noticed Natasha
  3252 | D:3      | Killed Natasha
  3527 | D:3      | Found a runed translucent door.
  3528 | D:3      | Noticed Crazy Yiuf
  3559 | D:3      | Killed Crazy Yiuf
  3914 | D:3      | Noticed Natasha
  3925 | D:3      | Killed Natasha
  3926 | D:3      | Reached XP level 6. HP: 53/53 MP: 8/8
  3931 | D:3      | Noticed Natasha
  3936 | D:3      | Killed Natasha
  4048 | D:4      | Reached skill level 5 in Polearms
  4048 | D:4      | Reached skill level 5 in Dodging
  4515 | D:4      | Reached XP level 7. HP: 59/59 MP: 10/10
  4790 | D:4      | Upgraded the game from 0.27-a0-1105-g946c659c87 to
                  | 0.27-a0-1136-g0b992a5a9d
  5508 | D:5      | Noticed Grinder
  5514 | D:5      | Paralysed by Grinder for 7 turns
  5528 | D:5      | Killed Grinder
  5529 | D:5      | Reached skill level 10 in Stealth
  5529 | D:5      | Reached XP level 8. HP: 46/67 MP: 12/12
  6162 | D:6      | Found a white marble altar of Elyvilon.
  6223 | D:6      | Found a blossoming altar of Fedhas.
  6233 | D:6      | Found a sparkling altar of Nemelex Xobeh.
  6241 | D:6      | Became a worshipper of Fedhas Madash
  6344 | D:6      | Found a staircase to the Ecumenical Temple.
  6352 | D:6      | Reached XP level 9. HP: 58/72 MP: 14/14
  6674 | D:6      | Noticed Menkaure
  6678 | D:6      | Killed Menkaure
  6714 | D:6      | Noticed Eustachio
  6725 | D:6      | Killed Eustachio
  6938 | D:6      | Found a broken altar of Ashenzari.
  7863 | D:7      | Reached * piety under Fedhas
  7877 | D:7      | Reached skill level 5 in Invocations
  8850 | D:8      | Noticed an efreet
  8866 | D:8      | Killed an efreet
  8867 | D:8      | Reached XP level 10. HP: 80/80 MP: 17/17
  8936 | D:8      | Reached skill level 5 in Short Blades
  8936 | D:8      | Reached skill level 5 in Long Blades
  8936 | D:8      | Reached skill level 5 in Axes
  8936 | D:8      | Reached skill level 5 in Maces & Flails
  8936 | D:8      | Reached skill level 5 in Staves
  8936 | D:8      | Reached skill level 5 in Slings
  8936 | D:8      | Reached skill level 5 in Bows
  8936 | D:8      | Reached skill level 5 in Crossbows
  8936 | D:8      | Reached skill level 5 in Throwing
  8936 | D:8      | Reached skill level 5 in Armour
  8936 | D:8      | Reached skill level 5 in Shields
  8936 | D:8      | Reached skill level 5 in Unarmed Combat
  8936 | D:8      | Reached skill level 5 in Spellcasting
  8936 | D:8      | Reached skill level 5 in Evocations
  9098 | D:8      | Found a radiant altar of Vehumet.
  9533 | D:8      | Found an opulent altar of Gozag.
  9643 | D:8      | Noticed Grum
  9658 | D:8      | Killed Grum
 10111 | D:9      | Reached ** piety under Fedhas
 10372 | D:9      | Noticed a two-headed ogre
 10386 | D:9      | Paralysed by a hornet for 2 turns
 10664 | D:9      | Killed a two-headed ogre
 11069 | D:9      | Found Zin's Purification Station.
 11072 | D:9      | Found a glowing silver altar of Zin.
 11101 | D:9      | Noticed a white ugly thing
 11528 | D:9      | Found a bloodstained altar of Trog.
 11628 | D:9      | Reached skill level 11 in Stealth
 11994 | D:9      | Reached XP level 11. HP: 86/87 MP: 19/19
 12123 | D:9      | Noticed a cyclops
 12136 | D:9      | Killed a white ugly thing
 12471 | D:9      | Noticed Harold
 12565 | D:9      | Killed Harold
 12566 | D:9      | Reached skill level 5 in Conjurations
 12566 | D:9      | Reached skill level 5 in Hexes
 12566 | D:9      | Reached skill level 5 in Summonings
 12566 | D:9      | Reached skill level 5 in Necromancy
 12566 | D:9      | Reached skill level 5 in Translocations
 12566 | D:9      | Reached skill level 5 in Transmutations
 12566 | D:9      | Reached skill level 5 in Fire Magic
 12566 | D:9      | Reached skill level 5 in Ice Magic
 12566 | D:9      | Reached skill level 5 in Air Magic
 12566 | D:9      | Reached skill level 5 in Earth Magic
 12566 | D:9      | Reached skill level 5 in Poison Magic
 12735 | D:9      | Killed a cyclops
 12900 | D:10     | Entered Level 10 of the Dungeon
 13377 | D:10     | Found a staircase to the Orcish Mines.
 13871 | D:10     | Reached *** piety under Fedhas
 14019 | D:11     | Noticed a boulder beetle
 14116 | D:11     | Found a staircase to the Lair.
 14388 | D:11     | Noticed a seven-headed hydra
 14388 | D:11     | Noticed a two-headed ogre
 14493 | D:10     | Killed a two-headed ogre
 14808 | D:10     | Found a staircase to the Orcish Mines.
 14813 | D:10     | Killed a seven-headed hydra
 15362 | D:11     | Noticed a two-headed ogre
 15413 | D:10     | Killed a two-headed ogre
 15414 | D:10     | Reached XP level 12. HP: 81/96 MP: 16/22
 15681 | D:11     | HP: 4/96 [barbs]
 15926 | D:11     | Noticed a four-headed hydra
 16018 | D:11     | Found a portal to a secret trove of treasure.
 16084 | D:11     | Slain by a vampire

Illustrated notes

Levels and vault maps discovered:
D:1:      ebering_hopf_link, layout_basic, shapermc_ecumenical_altar_mp_vishouse
D:2:      layout_loops_ring
D:3:      layout_basic, roderic_roman_lattice, uniq_crazy_yiuf_cottage,
          uniq_natasha
D:4:      layout_loops_ring, minmay_tree_intersection
D:5:      minmay_razor_zed, layout_basic, uniq_grinder
D:6:      layout_loops_ring, evilmike_ruin_ashenzari,
          grunt_temple_overflow_open, lemuel_crystal_altar,
          minmay_temple_entry_sparse_star, serial_bayou, serial_bayou_pond_d,
          serial_bayou_ford_a, serial_bayou_lagoon_a, serial_bayou_shore_b,
          serial_bayou_pond_d, serial_bayou_pond_a, minmay_misc_feat_five,
          uniq_eustachio, uniq_menkaure
D:7:      layout_loops_ring
D:8:      layout_basic, fiery_altar_vehumet, lemuel_coloured_pillars_altar,
          minmay_microvault, uniq_grum
D:9:      layout_basic, nicolae_overflow_hidden_temple, zin_purify,
          grunt_ministairs_10, kb_rosetta, uniq_harold
D:10:     layout_loops_ring, erik_orc_1
D:11:     cheibrodos_fzero, layout_rooms, nicolae_trove_entry_columns

Skill      XL: |  1  2  3  4  5  6  7  8  9 10 11 12 |
---------------+-------------------------------------+-----
Stealth        | 10 11 | 11.6
Invocations    | 1 2 3 4 5 6 7 |  7.7
Short Blades   | 1 2 3 4 5 6 7 |  7.0
Long Blades    | 1 2 3 4 5 6 7 |  7.0
Axes           | 1 2 3 4 5 6 7 |  7.0
Maces & Flails | 1 2 3 4 5 6 7 |  7.0
Staves         | 1 2 3 4 5 6 7 |  7.0
Slings         | 1 2 3 4 5 6 7 |  7.0
Bows           | 1 2 3 4 5 6 7 |  7.0
Crossbows      | 1 2 3 4 5 6 7 |  7.0
Throwing       | 1 2 3 4 5 6 7 |  7.0
Armour         | 1 2 3 4 5 6 7 |  7.0
Shields        | 1 2 3 4 5 6 7 |  7.0
Unarmed Combat | 1 2 3 4 5 6 7 |  7.0
Spellcasting   | 1 2 3 4 5 6 7 |  7.0
Evocations     | 1 2 3 4 5 6 7 |  7.0
Conjurations   | 1 2 3 4 5 |  5.8
Hexes          | 1 2 3 4 5 |  5.8
Summonings     | 1 2 3 4 5 |  5.8
Necromancy     | 1 2 3 4 5 |  5.8
Translocations | 1 2 3 4 5 |  5.8
Transmutations | 1 2 3 4 5 |  5.8
Fire Magic     | 1 2 3 4 5 |  5.8
Ice Magic      | 1 2 3 4 5 |  5.8
Air Magic      | 1 2 3 4 5 |  5.8
Earth Magic    | 1 2 3 4 5 |  5.8
Poison Magic   | 1 2 3 4 5 |  5.8
Polearms       | 5 6 7 8 |  8.5
Dodging        | 5 6 7 8 |  8.5
Fighting       | 7 8 9 |  9.7

Action                   |  1- 3 |  4- 6 |  7- 9 | 10-12 || total
-------------------------+-------+-------+-------+-------++-------
Melee: Spear             |    13 |       |       |       ||    13
       War axe           |    61 |    73 |       |       ||   134
       Bite              |     5 |     9 |    33 |    32 ||    79
       Quarterstaff      |       |    38 |   220 |   374 ||   632
       Unarmed           |       |       |       |     5 ||     5
 Fire: Hunting sling     |     3 |     8 |    94 |   158 ||   263
Throw: Dart              |     4 |    11 |     4 |    39 ||    58
Invok: Wall of Briars    |       |       |       |    13 ||    13
Evoke: Wand              |       |       |     1 |    19 ||    20
  Use: Potion            |     2 |       |       |     3 ||     5
       Scroll            |     1 |       |     9 |    12 ||    22
 Stab: Sleeping          |    10 |    13 |    16 |     9 ||    48
       Paralysed         |       |     1 |       |    15 ||    16
       Distracted        |       |       |     1 |     2 ||     3
       Petrifying        |       |       |       |     1 ||     1
Armor: Leather armour    |    16 |       |       |       ||    16
       Ring mail         |     4 |    45 |    91 |    83 ||   223
       Troll leather arm |       |       |       |   106 ||   106
Dodge: Dodged            |    55 |    74 |   219 |   549 ||   897

Table legend: (Time is in decaauts)
 A = Elapsed time spent in this place.
 B = Non-inter-level travel time spent in this place.
 C = Inter-level travel time spent in this place.
 D = Time resting spent in this place.
 E = Time spent auto-exploring this place.
 F = Levels seen in this place.
 G = Mean time per level.
                   A        B        C        D        E       F      G
               +--------+--------+--------+--------+--------+-----+--------+
         Total |  16213 |  15421 |    792 |   1815 |  10643 |  11 | 1473.9 |
       Dungeon |  16213 |  15421 |    792 |   1815 |  10643 |  11 | 1473.9 |
               +--------+--------+--------+--------+--------+-----+--------+

Top non-repeatable levels by time:
     D:9: 2601 daAuts
    D:10: 2307 daAuts
     D:8: 1685 daAuts
     D:3: 1674 daAuts
     D:7: 1540 daAuts
     D:5: 1326 daAuts
     D:2: 1266 daAuts
     D:6: 1201 daAuts
     D:4: 1016 daAuts
     D:1: 958 daAuts
    D:11: 635 daAuts
